 Dungeon Crawl Stone Soup version 0.31-a0-640-g39d97e502b (webtiles) character file.

Game seed: 14164543459341222181

127 qw the Shooter (level 5, 0/32 HPs)
             Began as a Gargoyle Hunter on Aug 27, 2023.
             Slain by a goblin
             ... wielding a +0 dagger
             ... led by Robin
              (1 damage)
             ... on level 3 of the Dungeon.
             The game lasted 00:00:41 (1468 turns).

qw the Shooter (Gargoyle Hunter)                    Turns: 1468, Time: 00:00:41

Health: 0/32       AC:  8    Str: 15    XL:     5   Next: 11%
Magic:  5/5        EV: 11    Int:  9    God:
Gold:   42         SH:  0    Dex: 15    Spells: 4/4 levels left

rFire   . . .        Y - +0 orcbow
rCold   . . .        (shield currently unavailable)
rNeg    + . .        c - +0 leather armour
rPois   inf          (no helmet)
rElec   +            (no cloak)
rCorr   .            d - +0 pair of gloves
SInv    .            (no boots)
Will    .....        l - amulet of regeneration
Stlth   ++           (no ring)
HPRegen 1.05/turn    (no ring)
MPRegen 0.09/turn

%: no passive effects
@: no status effects
A: sickness immunity, AC +4, negative energy resistance 1, electricity
resistance, torment resistance 1, petrification resistance
a: no special abilities


You were on level 3 of the Dungeon.
You visited 1 branch of the dungeon, and saw 3 of its levels.

You collected 105 gold pieces.
You spent 63 gold pieces at shops.


Innate Abilities, Weirdness & Mutations

You are immune to sickness and miasma.
Your stone body is resilient. (AC +4)
You are immune to poison.
You resist negative energy. (rN+)
You are resistant to electric shocks. (rElec)
You are resistant to unholy torment.
You are immune to petrification.


   Skills:
 - Level 3.0 Fighting
 + Level 5.9 Ranged Weapons
 - Level 1.5 Dodging
 - Level 1.1 Stealth


You had 4 spell levels left.
You didn't know any spells.
Your spell library was empty.

Inventory:

Hand Weapons
 Y - a +0 orcbow (weapon)
Armour
 a - a +0 pair of boots
 c - a +0 leather armour (worn)
 d - a +0 pair of gloves (worn)
 k - a +0 ring mail
Jewellery
 l - an amulet of regeneration (around neck)
Scrolls
 b - a scroll of amnesia {unknown}
 h - 2 scrolls of noise {unknown}
 i - a scroll of teleportation {unknown}
 m - a scroll of fog {unknown}
Potions
 e - a potion of magic {unknown}
 f - a potion of curing
 g - a potion of brilliance {unknown}
 j - a potion of haste {unknown}

Dungeon Overview and Level Annotations

Branches:
Dungeon (3/15)

Altars:
Vehumet

Shops:
D:3 [

Annotations:
D:3 1 runed translucent door, Crazy Yiuf, Jessica, Robin


Message History

Jessica shouts, "Stop bothering me, or I'll kill you!"
The goblin barely misses you. The goblin hits you but does no damage.
You shoot an arrow. The arrow hits the goblin.
You kill the goblin!
The goblin completely misses you. The kobold barely misses you.
The goblin completely misses you. The goblin hits you with a +0 club.
The goblin misses you. The kobold barely misses you.
The goblin hits you with a +0 dagger. The goblin hits you with a +0 club.
The goblin completely misses you.
You shoot an arrow. The arrow hits the goblin!
You kill the goblin!
The goblin hits you but does no damage. x2; The goblin barely misses you.
The kobold barely misses you.
You shoot an arrow. The arrow hits Jessica.
Jessica is heavily wounded.
The goblin hits you with a +0 club. The goblin hits you but does no damage.
The kobold barely misses you. Jessica gestures at you while chanting.
You barely resist. The goblin hits you with a +0 dagger.
You shoot an arrow. The arrow barely misses Jessica.
The goblin misses you. The goblin hits you but does no damage.
The kobold hits you but does no damage. Jessica gestures at you while chanting.
You resist with some effort. The goblin barely misses you.
You shoot an arrow. The arrow hits Jessica.
Jessica is severely wounded.
The goblin closely misses you. The goblin misses you.
The kobold hits you with a +0 whip.
Jessica mumbles some strange words.
Jessica blinks!
The goblin barely misses you. The hobgoblin barely misses you.
The goblin hits you but does no damage. x2; The goblin hits you with a +0 club.
The kobold barely misses you.
You shoot an arrow. The arrow hits the hobgoblin.
The hobgoblin is almost dead.
The hobgoblin no longer looks unusually strong.
The goblin hits you with a +0 club.
Robin roars a battlecry!
The goblins go into a battle-frenzy!
The goblin hits you with a +0 dagger.
You die...

#..[.....#
#......).#
#..$.....###
#..@....)..
#......).#
#...gS...#
#...gKg..###
#@gK.#.#
#g####.# #####
#.# #.### #)..#
#.####...# #...#
#.##))..## ...
#.#..#.## #+#
#.#.##)########
7.77
#...##........##
77.7
#..##########..#


You could see Robin, an adder, Jessica, a hobgoblin (strong), 3 goblins and 2
kobolds.

Vanquished Creatures
  A hound (D:3)
  2 adders
  3 worms (D:2)
  An orc (D:3)
  6 ball pythons
  2 endoplasms
  2 giant cockroaches
  10 goblins
  6 hobgoblins
  8 jackals
  5 bats
  4 frilled lizards (D:2)
  8 kobolds
  7 rats
65 creatures vanquished.

Notes
Turn   | Place    | Note
-------+----------+-------------------------------------------
     0 | D:1      | qw the Gargoyle Hunter began the quest for the Orb.
     0 | D:1      | Reached XP level 1. HP: 12/12 MP: 1/1
     0 | D:1      | 0 ||| qw: Version: 0.3-a-74-g0d5e918
     0 | D:1      | 0 ||| qw: Game counter: 71
     0 | D:1      | 0 ||| qw: Melee chars always use a shield: true
     0 | D:1      | 0 ||| qw: God list: Okawaru
     0 | D:1      | 0 ||| qw: Allow faded altars: false
     0 | D:1      | 0 ||| qw: Do Orc after clearing Dungeon:15 true
     0 | D:1      | 0 ||| qw: Do second Lair branch before Depths: true
     0 | D:1      | 0 ||| qw: Lair rune preference: random
     0 | D:1      | 0 ||| qw: Goals: Normal
     0 | D:1      | 0 ||| PLANNING D:1-11
   139 | D:1      | Reached XP level 2. HP: 17/17 MP: 2/2
   393 | D:1      | Reached XP level 3. HP: 21/21 MP: 3/3
   397 | D:1      | Reached skill level 5 in Ranged Weapons
   619 | D:1      | 619 ||| UPGRADING to +0 pair of gloves.
   624 | D:1      | 624 ||| DROPPING scroll of butterflies.
   826 | D:2      | Reached skill level 3 in Fighting
  1025 | D:2      | Reached XP level 4. HP: 28/28 MP: 4/4
  1245 | D:2      | 1245 ||| SWAPPING to +0 orcbow.
  1246 | D:2      | 1246 ||| DROPPING +0 shortbow.
  1247 | D:2      | 1247 ||| UPGRADING to amulet of regeneration.
  1252 | D:2      | 1252 ||| READING scroll labelled JAEMUCHOJU.
  1253 | D:2      | 1253 ||| READING scroll labelled JYULURU RITHYL.
  1254 | D:2      | 1254 ||| READING scroll labelled HOULIUPSIL.
  1255 | D:2      | 1255 ||| READING scroll labelled IMOOW JISU HAJ.
  1256 | D:2      | 1256 ||| DRINKING 2 lumpy coppery potions.
  1285 | D:3      | Found Etilid's Armour Shoppe.
  1299 | D:3      | Found a faded altar of an unknown god.
  1301 | D:3      | Found a radiant altar of Vehumet.
  1305 | D:3      | 1305 ||| BUYING +0 pair of boots (63 gold).
  1305 | D:3      | Bought a +0 pair of boots for 63 gold pieces
  1305 | D:3      | 1305 ||| SHOPLISTING +0 ring mail (56 gold, have 42).
  1305 | D:3      | 1305 ||| SHOPLISTING scarf of resistance (448 gold, have
                  | 42).
  1384 | D:3      | Reached XP level 5. HP: 32/32 MP: 5/5
  1413 | D:3      | Found a runed translucent door.
  1414 | D:3      | Noticed Crazy Yiuf
  1451 | D:3      | Identified the +2 helmet "Feywnev" {rN+ Regen+}
  1451 | D:3      | Noticed Robin
  1451 | D:3      | Noticed Jessica
  1463 | D:3      | HP: 6/32 [goblin/+0 club[Robin] (3)]
  1467 | D:3      | HP: 1/32 [goblin/+0 club[Robin] (4)]
  1468 | D:3      | Slain by a goblin

Levels and vault maps discovered:
D:1:      dpeg_arrival_morbid_curiosity, layout_rooms
D:2:      layout_loops_ring
D:3:      minmay_chambers_of_threes, layout_rooms, fiery_altar_vehumet,
          basic_ecumenical_altar, serial_shops, shop, uniq_robin,
          uniq_crazy_yiuf_cottage, uniq_jessica

Skill      XL: |  1  2  3 |
---------------+----------+-----
Ranged Weapons | 5 |  5.9
Fighting       | 3 |  3.0
Dodging        | |  1.5
Stealth        | |  1.1

Action                     |  1- 3 |  4- 6 || total
---------------------------+-------+-------++-------
   Fire: Shortbow          |   108 |    11 ||   119
         Orcbow            |       |    53 ||    53
    Use: Scroll            |       |     4 ||     4
         Potion            |       |     1 ||     1
 Armour: Leather armour    |    15 |    49 ||    64
  Dodge: Dodged            |    28 |    62 ||    90

Table legend:
 A = Non-vault XP
 B = Vault XP
 C = Vault XP percentage of total XP
 D = Non-vault monster count
 E = Vault monster count
 F = Vault count percentage of total count
                 A         B        C        D         E       F
            +---------+---------+-------+---------+---------+-------
      Total |     162 |      20 |  11.0 |      53 |      12 |  18.5
            +---------+---------+-------+---------+---------+-------
        D:1 |      32 |       9 |  22.0 |      20 |       5 |  20.0
        D:2 |      49 |       0 |   0.0 |      18 |       0 |   0.0
        D:3 |      81 |      11 |  12.0 |      15 |       7 |  31.8
            +---------+---------+-------+---------+---------+-------
